[Event "Bremer Silvester Open-A 2024"]
[Site "Bremen"]
[Date "2024.12.29"]
[Round "6.1"]
[White "Steffens, Olaf"]
[Black "Wachinger, Nikolas"]
[Result "0-1"]
[ECO "D00"]
[WhiteElo "2169"]
[BlackElo "2441"]
[Annotator "RC"]
[PlyCount "60"]
[EventDate "2024.12.16"]
[EventType "swiss"]
[EventCountry "GER"]
[SourceTitle "playchess.com"]
[Source "ChessBase"]
[SourceQuality "1"]
[TimeControl "5400+30"]

1. d4 Nf6 2. Nc3 d5 3. Bf4 a6 4. e3 h6 5. Nf3 e6 6. Bd3 c5 7. dxc5 Bxc5 8. e4 Bb4 9. e5 Nfd7 10. h4 Qc7 11. Qd2 Nc6 12. a3 Ba5 13. Kf1 d4 14. Nd5 exd5 15. b4 Qd8 16. bxa5 Nc5 17. Be2 Ne4 18. Qe1 O-O 19. Bd3 Bf5 20. g4 Bxg4 21. Bxe4 dxe4 22. Qxe4 f5 23. Qd3 Qd5 24. Kg2 Nxa5 25. Kg3 Rac8 26. Nxd4 Rc4 27. Nxf5 Qe6 28. Kxg4 Rxf5 29. Qxf5 h5+ 30. Kg5 Qh6# 0-1

[Event "Bremer Silvester Open-A 2024"]
[Site "Bremen"]
[Date "2024.12.29"]
[Round "6.2"]
[White "Kramer, Julian"]
[Black "Reuker, Jari"]
[Result "1/2-1/2"]
[ECO "C54"]
[WhiteElo "2480"]
[BlackElo "2408"]
[Annotator "TA"]
[PlyCount "109"]
[EventDate "2024.12.16"]
[EventType "swiss"]
[EventCountry "GER"]
[SourceTitle "playchess.com"]
[Source "ChessBase"]
[SourceQuality "1"]
[TimeControl "5400+30"]

1. e4 e5 2. Nf3 Nc6 3. Bc4 Bc5 4. O-O Nf6 5. d3 O-O 6. h3 d6 7. c3 a5 8. Re1 h6 9. Nbd2 a4 10. Nf1 Bd7 11. a3 Bb6 12. Ng3 Re8 13. Be3 Bxe3 14. Rxe3 Ra5 15. b4 axb3 16. Qxb3 Qe7 17. Nh4 Be6 18. Ngf5 (18. Qxb7 Rb8 19. Qxc6 $17) 18... Qd7 19. Bxe6 $1 (19. Qxb7 Bxc4 20. dxc4 g6 $17 (20... Rb8 21. Qxc6 Qd8 22. c5 $16)) (19. Rg3 Nh5 (19... Bxf5 $2 20. Nxf5 Kf8 21. Nxg7 $18) 20. Rg4 (20. Nxh6+ Kh7 $17) 20... Bxc4 21. Qxc4 Kh7 $15) 19... fxe6 (19... Rxe6 20. Qxb7 Kh7 21. Ree1 Re8) 20. Rg3 $1 g5 21. Nxh6+ Kh7 $1 22. Rxg5 Kxh6 23. Rg6+ Kh7 $1 24. Rxf6 Qe7 $1 25. Rf3 Qxh4 26. Rf7+ Kg6 27. Rxc7 Nd8 28. Rd7 Ra6 29. Re1 Rf8 30. Qb2 Rf7 31. Rxf7 $1 Kxf7 (31... Nxf7 32. Qxb7 Rxa3 33. Qb2 $17) 32. Re3 Ke7 33. Rg3 Qh6 34. d4 exd4 35. cxd4 Rc6 36. Re3 Rc4 37. Re1 (37. Rc3 $11 Rxc3 38. Qxc3) 37... Qf4 $15 38. Re3 Qg5 39. g3 Qh5 40. g4 $1 Qg5 41. Kg2 Qf4 42. Qd2 Nc6 43. Qb2 Nd8 (43... Rxd4 $2 44. Qxb7+ Kf6 45. Qxc6 $18 (45. Rf3 Qxf3+ 46. Kxf3 Ne5+ 47. Ke2 Ng6 $18)) 44. d5 e5 (44... Rxe4 $2 {loses.} 45. Qg7+ Qf7 (45... Nf7 $2 46. Rb3 $18) 46. Qxf7+ (46. Qg5+ Qf6 $18) 46... Kxf7 47. Rxe4 $18) (44... Qe5 45. Qxe5 dxe5 46. dxe6 Nxe6 47. h4 Kf6) 45. Qe2 Rd4 46. Qc2 Kd7 47. a4 (47. Rf3 {simplifies} Qxe4 48. Qxe4 Rxe4 49. g5) 47... Rb4 48. a5 Rd4 $2 {[%emt 0:00:25][%mdl 8192] [#]} (48... Ke8 $1 $11 {and Black stays safe.}) 49. Qb1 $2 (49. Rf3 $1 $18 Qxe4 50. Qxe4 Rxe4 51. g5) 49... Ke7 $11 50. Qc2 Kd7 $2 (50... Ke8 $11) 51. Qb1 Ke7 52. Qc2 Kd7 {[%emt 0:00:06] [#]} 53. Qe2 $2 (53. Rf3 $1 $18 Qh6 (53... Qxe4 54. Qxe4 Rxe4 55. g5 $18) 54. Kg3) 53... Ke7 $11 54. a6 bxa6 55. Qxa6 1/2-1/2

[Event "Bremer Silvester Open-A 2024"]
[Site "Bremen"]
[Date "2024.12.29"]
[Round "6.3"]
[White "Pahl, Erik"]
[Black "Beeck, Mats"]
[Result "0-1"]
[ECO "C84"]
[WhiteElo "2166"]
[BlackElo "2241"]
[Annotator "RC"]
[PlyCount "50"]
[EventDate "2024.12.16"]
[EventType "swiss"]
[EventCountry "GER"]
[SourceTitle "playchess.com"]
[Source "ChessBase"]
[SourceQuality "1"]
[TimeControl "5400+30"]

1. e4 e5 2. Nf3 Nc6 3. Bb5 a6 4. Ba4 Nf6 5. O-O Be7 6. d3 b5 7. Bb3 d6 8. a3 a5 9. Nc3 a4 10. Bd5 Nxd5 11. exd5 Na7 12. d4 exd4 13. Nxd4 O-O 14. Re1 Bd7 15. Qd3 Rb8 16. Be3 c5 17. dxc6 Nxc6 18. Nxc6 Bxc6 19. Nd5 Re8 20. c3 Bg5 21. Nb4 Ba8 22. Rad1 Bxe3 23. Rxe3 Qg5 24. Rg3 Qe5 25. Nc2 Be4 0-1

[Event "Bremer Silvester Open-A 2024"]
[Site "Bremen"]
[Date "2024.12.29"]
[Round "6.4"]
[White "Hedke, Fred"]
[Black "Pahl, Theis"]
[Result "1/2-1/2"]
[ECO "B22"]
[WhiteElo "2171"]
[BlackElo "2136"]
[Annotator "RC"]
[PlyCount "29"]
[EventDate "2024.12.16"]
[EventType "swiss"]
[EventCountry "GER"]
[SourceTitle "playchess.com"]
[Source "ChessBase"]
[SourceQuality "1"]
[TimeControl "5400+30"]

1. e4 c5 2. c3 Nf6 3. e5 Nd5 4. Nf3 Nc6 5. d4 cxd4 6. Bc4 Nb6 7. Bb3 d6 8. exd6 Qxd6 9. cxd4 Be6 10. Nc3 Bxb3 11. Qxb3 e6 12. O-O Qb4 13. Qc2 Be7 14. a3 Qc4 15. b3 1/2-1/2

[Event "Bremer Silvester Open-A 2024"]
[Site "Bremen"]
[Date "2024.12.29"]
[Round "6.5"]
[White "Gressmann, Moritz"]
[Black "Donath, Johann"]
[Result "1/2-1/2"]
[ECO "C96"]
[WhiteElo "2122"]
[BlackElo "2100"]
[Annotator "RC"]
[PlyCount "47"]
[EventDate "2024.12.16"]
[EventType "swiss"]
[EventCountry "GER"]
[SourceTitle "playchess.com"]
[Source "ChessBase"]
[SourceQuality "1"]
[TimeControl "5400+30"]

1. e4 e5 2. Nf3 Nc6 3. Bb5 a6 4. Ba4 Nf6 5. O-O Be7 6. Re1 b5 7. Bb3 d6 8. c3 O-O 9. h3 Na5 10. Bc2 c5 11. d4 Nd7 12. Nbd2 exd4 13. cxd4 Nc6 14. d5 Nce5 15. Nxe5 Nxe5 16. f4 Ng6 17. Nf3 Bh4 18. Nxh4 Qxh4 19. Rf1 Bxh3 20. gxh3 Qg3+ 21. Kh1 Qxh3+ 22. Kg1 Qg3+ 23. Kh1 Qh3+ 24. Kg1 1/2-1/2

[Event "Bremer Silvester Open-A 2024"]
[Site "Bremen"]
[Date "2024.12.29"]
[Round "6.6"]
[White "Moewisch, Dave"]
[Black "Wielebinski, Paul Martin"]
[Result "0-1"]
[ECO "B30"]
[WhiteElo "1961"]
[BlackElo "2067"]
[Annotator "NA RC"]
[PlyCount "72"]
[EventDate "2024.12.16"]
[EventType "swiss"]
[EventCountry "GER"]
[SourceTitle "playchess.com"]
[Source "ChessBase"]
[SourceQuality "1"]
[TimeControl "5400+30"]

1. e4 c5 2. Nf3 Nc6 3. Bb5 Na5 4. O-O a6 5. Be2 e6 6. c4 Nc6 7. d4 cxd4 8. Nxd4 Bc5 9. Nb3 Bb6 10. Nc3 Nge7 11. c5 Bc7 12. f4 d5 13. cxd6 Bxd6 14. Be3 O-O 15. Qe1 e5 16. f5 Nd4 17. f6 gxf6 18. Bh6 Nc2 19. Qf2 Nxa1 20. Nxa1 Ng6 21. h4 Kh8 22. Bxf8 Bxf8 23. Rd1 Qe7 24. Kh2 Be6 25. g3 Bg7 26. Qe3 h6 27. Nc2 Rd8 28. Rxd8+ Qxd8 29. Nb4 Ne7 30. Qc5 f5 31. Ncd5 Nxd5 32. exd5 Bd7 33. Bh5 f4 34. d6 fxg3+ 35. Kxg3 Qf6 36. Nd3 Qf5 0-1

[Event "Bremer Silvester Open-A 2024"]
[Site "Bremen"]
[Date "2024.12.29"]
[Round "6.7"]
[White "Storm, Max"]
[Black "Kehrel, Eike"]
[Result "1-0"]
[ECO "B36"]
[WhiteElo "2053"]
[BlackElo "2007"]
[Annotator "RC"]
[PlyCount "79"]
[EventDate "2024.12.16"]
[EventType "swiss"]
[EventCountry "GER"]
[SourceTitle "playchess.com"]
[Source "ChessBase"]
[SourceQuality "1"]
[TimeControl "5400+30"]

1. e4 c5 2. Nf3 g6 3. c4 Nc6 4. d4 cxd4 5. Nxd4 Nf6 6. Nc3 d6 7. Be2 Nxd4 8. Qxd4 Bg7 9. Be3 O-O 10. Qd1 Be6 11. O-O Qa5 12. Rc1 Rfc8 13. b3 a6 14. Nd5 Bxd5 15. exd5 b5 16. Qd2 b4 17. Bf3 Nd7 18. a4 Bc3 19. Qc2 Qd8 20. Bg4 f5 21. Be2 Qf8 22. f4 Qf6 23. Rcd1 h5 24. Bf3 Kf7 25. Rf2 Rc7 26. Re2 h4 27. Bf2 Qh8 28. Re6 Bf6 29. Kh1 a5 30. Rde1 Nc5 31. R6e2 Bd4 32. Be3 Bxe3 33. Rxe3 Qh6 34. Qe2 Re8 35. Rf1 Qxf4 36. Bh5 Qh6 37. Rxf5+ Kg8 38. Qg4 Rf8 39. Bxg6 Qxe3 40. Bf7+ 1-0

[Event "Bremer Silvester Open-A 2024"]
[Site "Bremen"]
[Date "2024.12.29"]
[Round "6.8"]
[White "Bundan, Edward"]
[Black "Tibke, Jonas"]
[Result "0-1"]
[ECO "E01"]
[WhiteElo "1822"]
[BlackElo "2039"]
[Annotator "RC"]
[PlyCount "112"]
[EventDate "2024.12.16"]
[EventType "swiss"]
[EventCountry "GER"]
[SourceTitle "playchess.com"]
[Source "ChessBase"]
[SourceQuality "1"]
[TimeControl "5400+30"]

1. d4 Nf6 2. Nf3 e6 3. g3 c5 4. Bg2 cxd4 5. Nxd4 d5 6. O-O Nc6 7. c4 Qb6 8. Nxc6 bxc6 9. Nc3 Be7 10. cxd5 cxd5 11. e4 dxe4 12. Nxe4 Nd5 13. Qg4 O-O 14. Bh6 Qxb2 15. Nd2 Rd8 16. Nc4 Qf6 17. Be3 Ba6 18. Rfc1 Nxe3 19. Nxe3 Rab8 20. Rab1 Rb2 21. Rxb2 Qxb2 22. Rd1 Rxd1+ 23. Qxd1 Qxa2 24. h3 Bb5 25. Qc1 Bf8 26. Qc8 Qa1+ 27. Kh2 Qe1 28. Qc2 Qe2 29. Qxe2 Bxe2 30. Nc2 Bc5 31. f4 Bb5 32. Na1 a5 33. Nb3 Bb6 34. Be4 a4 35. Nc1 Bc4 36. Bb1 Be3 37. Na2 Bd2 38. Kg2 g6 39. Kf3 f5 40. Kf2 Kf8 41. Kf3 Ke7 42. g4 Kd6 43. gxf5 exf5 44. h4 Kc5 45. Kg3 Kd4 46. Kf3 h5 47. Kg3 Ke3 48. Bc2 Bxa2 49. Bxa4 Bf7 50. Bc6 Be1+ 51. Kh3 Kxf4 52. Bb7 Ke3 53. Bg2 f4 54. Bh1 Kf2 55. Bg2 f3 56. Bh1 Kg1 0-1